 Dungeon Crawl Stone Soup version 0.25.1-2-g60ff931df9 (webtiles) character file.

Game seed: 11505257216071017218

233 Martska the Skirmisher (level 6, -10/57 HPs)
             Began as a Naga Fighter on Aug 15, 2020.
             Mangled by Pikel
             ... wielding a +1 whip of electrocution
              (16 damage)
             ... on level 3 of the Dungeon.
             The game lasted 00:05:50 (2665 turns).

Martska the Skirmisher (Naga Fighter)               Turns: 2665, Time: 00:05:51

Health: -10/57     AC:  6    Str: 18    XL:     6   Next: 4%
Magic:  7/7        EV:  6    Int: 11    God:
Gold:   123        SH:  8    Dex: 10    Spells: 7/7 levels left

rFire    . . .     SeeInvis +   a - +0 trident
rCold    . . .     Gourm    .   c - +0 kite shield
rNeg     . . .     Faith    .   b - +0 scale mail
rPois    +         Spirit   .   (no helmet)
rElec    .         Reflect  .   (no cloak)
rCorr    .         Harm     .   j - +0 pair of gloves
MR       .....                  (no barding)
Stlth    ..........             m - amulet of the acrobat
HPRegen  0.19/turn              (no ring)
MPRegen  0.10/turn              (no ring)

@: mighty, very slow
A: large, see invisible, deformed body, poison resistance, slowness 2, slow
metabolism 1, spit poison 1, AC +2
a: Spit Poison


You were on level 3 of the Dungeon.
You were not hungry.

You visited 1 branch of the dungeon, and saw 4 of its levels.

You collected 123 gold pieces.

Inventory:

Hand Weapons
 a - a +0 trident (weapon)
Armour
 b - a +0 scale mail (worn)
 c - a +0 kite shield (worn)
 h - a +0 leather armour
 j - a +0 pair of gloves (worn)
Jewellery
 m - an amulet of the acrobat (around neck)
 r - a +4 ring of protection {unknown}
 t - a cursed ring of teleportation {unknown}
Scrolls
 e - 4 scrolls of teleportation
 g - a scroll of remove curse
 i - a scroll of identify
 s - 2 scrolls of fear {unknown}
Potions
 d - a potion of might
 k - a potion of invisibility
 l - 2 potions of degeneration {unknown}
 n - 2 potions of curing
 o - a potion of cancellation {unknown}
 p - a potion of flight {unknown}
Comestibles
 f - 10 rations
 q - 8 chunks of flesh


   Skills:
 * Level 4.0 Fighting
 * Level 3.4 Polearms
 + Level 2.8 Armour
 * Level 1.9 Dodging
 + Level 2.9 Shields
 + Level 1.3 Spellcasting


You had 7 spell levels left.
You didn't know any spells.
Your spell library was empty.

Dungeon Overview and Level Annotations

Branches:
Dungeon (4/15)
 Temple: D:4-7

Altars:
Kikubaaqudgha
Okawaru

Annotations:
D:3 Pikel


Innate Abilities, Weirdness & Mutations

You cannot wear boots.
Your serpentine skin is tough. (AC +2)
You have supernaturally acute eyesight. (SInv)
Armour fits poorly on your strangely shaped body.
Your system is resistant to poisons. (rPois)
You cover ground very slowly.
You have a slow metabolism.
You can spit poison.


Message History

Pikel is severely wounded.
You block Pikel's attack.
Pikel hits you with a +1 whip of electrocution.
* * * LOW HITPOINT WARNING * * *
Attack whom?
Press: ? - help, Dir - move target cursor, f/p - Pikel
Aim: Pikel, wielding a +1 whip of electrocution and wearing a +0 robe (severely wounded)
You barely miss Pikel.
Pikel is severely wounded.
Pikel hits you with a +1 whip of electrocution.
* * * LOW HITPOINT WARNING * * *
Attack whom?
Press: ? - help, Dir - move target cursor, f/p - Pikel
Aim: Pikel, wielding a +1 whip of electrocution and wearing a +0 robe (severely wounded)
You hit Pikel.
Pikel is severely wounded.
Pikel hits you with a +1 whip of electrocution.
* * * LOW HITPOINT WARNING * * *
You are electrocuted!
You die...

##### #...#
#####.#.##########
#@Kpp.............
#######.##########
#.##########
#.#.........
#.#.........
#...........
###.........
#.........
#.........


You could see Pikel and 2 slaves.

Vanquished Creatures
  A bullfrog (D:3)
  Ijyb (D:2)
  Terence (D:3)
  A hound zombie (D:2)
  3 adders (D:2)
  An ooze (D:1)
  2 worms
  A leopard gecko (D:2)
  3 orcs (D:3)
  2 ball pythons (D:2)
  3 giant cockroaches
  9 goblins
  6 hobgoblins
  8 jackals
  2 quokkas
  5 bats
  3 frilled lizards
  8 kobolds
  8 rats
68 creatures vanquished.

Notes
Turn   | Place    | Note
-------+----------+-------------------------------------------
     0 | D:1      | Martska the Naga Fighter began the quest for the Orb.
     0 | D:1      | Reached XP level 1. HP: 21/21 MP: 1/1
   100 | D:1      | Reached XP level 2. HP: 28/28 MP: 2/2
   700 | D:2      | Found an iron altar of Okawaru.
   778 | D:2      | Reached XP level 3. HP: 28/34 MP: 3/3
  1175 | D:2      | Reached skill level 1 in Dodging
  1293 | D:2      | Reached XP level 4. HP: 40/42 MP: 3/5
  1453 | D:2      | Found an ancient bone altar of Kikubaaqudgha.
  1964 | D:3      | Noticed Ijyb
  1964 | D:3      | Noticed Terence
  1980 | D:2      | Killed Ijyb
  1980 | D:2      | Reached skill level 1 in Spellcasting
  1980 | D:2      | Reached XP level 5. HP: 49/50 MP: 6/6
  2285 | D:3      | Killed Terence
  2514 | D:3      | Reached skill level 4 in Fighting
  2514 | D:3      | Reached XP level 6. HP: 55/57 MP: 7/7
  2644 | D:4      | Noticed Pikel
  2644 | D:4      | Noticed a slave
  2645 | D:4      | Noticed a slave
  2645 | D:4      | Noticed a slave
  2645 | D:4      | Noticed a slave
  2665 | D:3      | Mangled by Pikel

Illustrated notes

Levels and vault maps discovered:
D:1:      minmay_arrival_hallway, layout_loops_cross, chequers_big_river
D:2:      layout_basic, lemuel_round_altar, okawaru_ov_weapons_minmay
D:3:      layout_basic, uniq_ijyb, uniq_terence
D:4:      kennysheep_the_goblin_king, layout_cave_pools, first_ration,
          uniq_robin, uniq_pikel, uniq_blork_the_orc, uniq_grinder

Skill      XL: |  1  2  3  4  5 |
---------------+----------------+-----
Dodging        | 1 |  1.9
Spellcasting   | 1 |  1.3
Polearms       | 3 |  3.4
Fighting       | 4 |  4.0
Armour         | |  2.8
Shields        | |  2.9

Action                   |  1- 3 |  4- 6 || total
-------------------------+-------+-------++-------
Melee: Trident           |    89 |   118 ||   207
 Abil: Spit Poison       |     6 |    10 ||    16
  Use: Scroll            |     5 |       ||     5
       Potion            |       |     2 ||     2
  Eat: Chunk             |     1 |     2 ||     3
       Ration            |       |     1 ||     1
Armor: Scale mail        |    29 |   104 ||   133
Dodge: Dodged            |    26 |    49 ||    75
Block: Kite shield       |    35 |    77 ||   112
